 Dungeon Crawl Stone Soup version 0.28-a0-425-gd0eccab798 (webtiles) character file.

Game seed: 457503267699100227

200 siradein the Spear-Bearer (level 5, 0/41 HPs)
             Began as a Merfolk Berserker on Sept 10, 2021.
             Was a Believer of Trog.
             Shot with a bolt by a kobold brigand (7 damage)
             ... in a sewer.
             The game lasted 00:08:26 (4579 turns).

siradein the Spear-Bearer (Merfolk Berserker)       Turns: 4579, Time: 00:08:27

Health: 0/41       AC:  3    Str: 18    XL:     5   Next: 79%
Magic:  5/5        EV: 16    Int:  6    God:    Trog [**....]
Gold:   146        SH:  0    Dex: 14    Spells: 4/4 levels left

rFire   . . .      SeeInvis .   b - +0 trident
rCold   . . .      Faith    .   (no shield)
rNeg    . . .      Spirit   .   i - +0 leather armour
rPois   .          Reflect  .   (no helmet)
rElec   .          Harm     .   (no cloak)
rCorr   .          Rampage  .   (no gloves)
Will    .....                   (boots currently unavailable)
Stlth   ++........              (no amulet)
HPRegen 0.13/turn               (no ring)
MPRegen 0.09/turn               (no ring)

@: very quick
A: nimble swimmer 2, mertail
a: Renounce Religion, Berserk, Trog's Hand


You were in a sewer.
You worshipped Trog.
Trog was pleased with you.
You visited 1 branch of the dungeon, and saw 4 of its levels.
You also visited: Sewer.

You collected 146 gold pieces.

Inventory:

Hand Weapons
 b - a +0 trident (weapon)
Missiles
 d - 2 javelins (quivered)
Armour
 i - a +0 leather armour (worn)
Scrolls
 c - 3 scrolls of identify
 e - a scroll of holy word {unknown}
 f - 2 scrolls of noise {unknown}
 j - 2 scrolls of immolation {unknown}
 l - a scroll of blinking {unknown}
 m - a scroll of enchant weapon {unknown}
 n - a scroll of fear {unknown}
 p - a scroll of enchant armour {unknown}
 r - a scroll of teleportation {unknown}
Potions
 a - a potion of mutation {unknown}
 g - 3 potions of might {unknown}
 h - a potion of heal wounds {unknown}
 k - 2 potions of flight {unknown}
 o - a potion of curing {unknown}
 q - 2 potions of resistance {unknown}
 s - a potion of brilliance {unknown}


   Skills:
 - Level 3.2 Fighting
 + Level 8.7 Polearms
 - Level 1.3 Armour
 + Level 3.5 Dodging


You had 4 spell levels left.
You didn't know any spells.
Your spell library was empty.

Dungeon Overview and Level Annotations

Branches:
Dungeon (4/15)              Sewer (1/1)
 Temple: D:4-7

Altars:

Shops:
D:2 (


Innate Abilities, Weirdness & Mutations

You are quick and stealthy near water. (Stealth+, EV+, Speed+++)
Your lower body shifts to a powerful aquatic tail in water.


Message History

A kobold brigand is nearby!
A kobold brigand is nearby!
A kobold brigand is nearby!
The kobold brigand shouts!
You hear a shout!
The kobold brigand shoots a bolt.
The bolt hits you!
The kobold brigand shoots a bolt.
The bolt closely misses you.
Your legs become a tail as you enter the water.
The kobold brigand shoots a bolt.
The bolt hits you!
The kobold shouts!
You hear a shout!
The kobold throws a stone.
The stone misses you.
The kobold brigand shoots a bolt.
The bolt hits you.
You reach to attack!
You hit the kobold brigand.
The kobold brigand is lightly wounded.
You hit the kobold brigand but do no damage.
The kobold brigand is lightly wounded.
You hit the kobold brigand but do no damage.
The kobold brigand is lightly wounded.
The kobold brigand unwields a +0 hand crossbow.
The kobold brigand wields a +0 short sword.
The kobold brigand hits you with a +0 short sword!
The kobold throws a stone.
The stone hits you but does no damage.
You are too injured to fight recklessly!
You are too injured to fight recklessly!
You are too injured to fight recklessly!
The kobold brigand unwields a +0 short sword.
The kobold brigand wields a +0 hand crossbow.
The kobold brigand shoots a bolt.
The bolt hits you.
The kobold throws a stone.
The stone closely misses you.
The kobold brigand shoots a bolt.
The bolt closely misses you.
You start resting.
An adder comes into view.
The kobold brigand shoots a bolt.
The bolt hits you!
* * * LOW HITPOINT WARNING * * *
You are too injured to fight recklessly!
You are too injured to fight recklessly!
You are too injured to fight recklessly!
You are too injured to fight recklessly!
You are too injured to fight recklessly!
The kobold brigand shoots a bolt.
The bolt hits you!
You die...

≈≈≈≈≈≈≈≈≈≈≈≈≈≈≈≈≈≈≈≈≈≈≈≈≈≈≈≈≈≈#
≈≈≈≈≈≈≈≈≈≈≈≈≈≈≈≈≈≈≈≈≈≈≈≈≈≈≈≈#
#######≈≈≈≈≈≈###############
#[.#..##≈#≈#≈#..#..#
#....)#≈#≈#≈##.....#
##...###≈#≈#≈##...##
#.....#≈#≈#≈##.....#
#.....##≈#≈#≈#.....#
###'###≈#≈#@####'###
#....≈≈≈≈≈≈≈≈≈≈....#
#.....)r≈≈≈≈≈≈≈....##
##.....≈≈≈≈≈≈≈K.....#
#....#≈≈≈≈≈S≈≈)....#
#....##≈≈≈≈≈≈≈....##
#.....#K≈≈≈≈≈≈≈...#
#.....≈≈≈≈≈≈≈≈≈...##
##.....≈≈≈≈≈≈≈≈....##


You could see a kobold brigand, an adder (wandering), a kobold and a rat.

Vanquished Creatures
  Natasha (thrice) (D:3)
  4 river rats (Sewer)
  An adder (D:2)
  An adder skeleton (D:4)
  2 worms
  A dart slug (D:1)
  An orc (D:4)
  2 bats
  7 endoplasms
  5 giant cockroaches
  5 hobgoblins
  2 jackals (D:3)
  3 quokkas
  9 ball pythons
  A frilled lizard (D:2)
  5 goblins
  7 kobolds
  16 rats
75 creatures vanquished.

Notes
Turn   | Place    | Note
-------+----------+-------------------------------------------
     0 | D:1      | siradein the Merfolk Berserker began the quest for the Orb.
     0 | D:1      | Reached XP level 1. HP: 18/18 MP: 1/1
    18 | D:1      | Found a faded altar of an unknown god.
   279 | D:1      | Reached skill level 5 in Polearms
   294 | D:1      | Reached XP level 2. HP: 13/24 MP: 2/2
  1398 | D:2      | Reached skill level 6 in Polearms
  1398 | D:2      | Reached XP level 3. HP: 29/29 MP: 3/3
  1969 | D:2      | Found Gosuggump's Antique Weapon Shoppe.
  2124 | D:3      | Noticed Natasha
  2135 | D:3      | Killed Natasha
  2135 | D:3      | Reached ** piety under Trog
  2136 | D:3      | Reached skill level 7 in Polearms
  2136 | D:3      | Reached XP level 4. HP: 27/35 MP: 4/4
  2430 | D:3      | Noticed Natasha
  2774 | D:3      | Killed Natasha
  3172 | D:3      | Noticed Natasha
  3189 | D:3      | Killed Natasha
  3190 | D:3      | Reached skill level 8 in Polearms
  3190 | D:3      | Reached XP level 5. HP: 30/41 MP: 5/5
  3657 | D:4      | Found a glowing drain.
  3676 | Sewer    | Entered a sewer
  3925 | Sewer    | Noticed a kobold brigand
  4206 | Sewer    | Noticed a kobold brigand
  4206 | Sewer    | Noticed a kobold brigand
  4579 | Sewer    | Shot with a bolt by a kobold brigand

Illustrated notes

Levels and vault maps discovered:
D:1:      lightli_arrival_chessboard, layout_loops_corners,
          hellmonk_ecumenical_altar_arch_garden, serial_bayou_pond_c
D:2:      layout_loops_cross, serial_shops, nicolae_lakefront_shop,
          roderic_roman_lattice, minmay_nonomino_d4
D:3:      layout_basic, uniq_natasha
D:4:      layout_gridville, cheibrodos_sewer_entry_bend, serial_shops,
          nicolae_take_the_stairs, uniq_ijyb
Sewer:    sewer_minmay_treatment

Skill      XL: |  1  2  3  4  5 |
---------------+----------------+-----
Polearms       | 5 6 7 8 |  8.7
Dodging        | 3 |  3.5
Fighting       | |  3.2
Armour         | |  1.3

Action                   |  1- 3 |  4- 6 || total
-------------------------+-------+-------++-------
Melee: Spear             |   124 |   113 ||   237
       Tailslap          |     1 |     8 ||     9
       Trident           |       |    83 ||    83
  Use: Scroll            |       |     2 ||     2
 Stab: Sleeping          |     1 |     1 ||     2
Armor: Animal skin       |     9 |       ||     9
       Ring mail         |    17 |     1 ||    18
       Scale mail        |       |    10 ||    10
       Leather armour    |       |    19 ||    19
Dodge: Dodged            |    44 |    83 ||   127

Table legend: (Time is in decaauts)
 A = Elapsed time spent in this place.
 B = Non-inter-level travel time spent in this place.
 C = Inter-level travel time spent in this place.
 D = Time resting spent in this place.
 E = Time spent auto-exploring this place.
 F = Levels seen in this place.
 G = Mean time per level.
                   A        B        C        D        E       F      G
               +--------+--------+--------+--------+--------+-----+--------+
         Total |   4447 |   4309 |    138 |    783 |   2754 |   5 |  889.4 |
       Dungeon |   3606 |   3468 |    138 |    290 |   2546 |   4 |  901.5 |
         Sewer |    841 |    841 |      0 |    492 |    207 |   1 |  841.0 |
               +--------+--------+--------+--------+--------+-----+--------+

Top non-repeatable levels by time:
     D:1: 1241 daAuts
     D:3: 1119 daAuts
     D:2: 1119 daAuts
   Sewer: 841 daAuts
     D:4: 126 daAuts
